 Dungeon Crawl Stone Soup version 0.29-a0-338-g1ff7896281 (webtiles) character file.

Game seed: 13118447679216439089

7879 spaghetti the Covert (level 11, -8/67 HPs)
             Began as an Octopode Delver on Apr 18, 2022.
             Was an Elder of Hepliaklqana.
             Mangled by a komodo dragon (30 damage)
             ... on level 11 of the Dungeon.
             The game lasted 00:16:31 (9833 turns).

spaghetti the Covert (Octopode Delver)              Turns: 9833, Time: 00:16:32

Health: -8/67      AC:  1    Str: 13    XL:     11   Next: 22%
Magic:  11/11      EV: 15    Int: 21    God:    Hepliaklqana [****..]
Gold:   504        SH: 11    Dex: 17    Spells: 10/10 levels left

rFire   . . .      SeeInvis .   h - +2 quick blade of Anguish {vamp, rElec rCorr Int+3, shortrare=g}
rCold   . . .      Faith    .   F - +0 kite shield
rNeg    . . .      Spirit   .   (helmet restricted)
rPois   .          Reflect  .   j - amulet of the acrobat
rElec   +          Harm     .   m - +6 ring of intelligence
rCorr   +          Rampage  .   M - ring of resist corrosion
Will    .....                   (no ring)
Stlth   ++++++....              (no ring)
HPRegen 0.21/turn               (no ring)
MPRegen 0.12/turn               (no ring)
                                (no ring)
                                (no ring)

@: no status effects
A: reduced essence, almost no armour, amphibious, 8 rings, camouflage 1,
gelatinous body 1, (nimble swimmer 1), tentacles
a: Renounce Religion, Recall Ancestor, Ancestor Identity, Transference, Idealise


You were on level 11 of the Dungeon.
You worshipped Hepliaklqana.
Hepliaklqana was greatly pleased with you.
You visited 1 branch of the dungeon, and saw 11 of its levels.

You collected 504 gold pieces.


Innate Abilities, Weirdness & Mutations

Your life essence is reduced to manifest your ancestor. (-10% HP)
You cannot wear most types of armour.
You are amphibious.
You can wear up to eight rings at the same time.
Your skin changes colour to match your surroundings (Stealth+).
Your rubbery body absorbs attacks. (AC +1, EV +1)
((You are camouflaged when in or above water. (Stealth+)))
You have tentacles for arms and can constrict up to eight enemies at once.


   Skills:
 + Level 7.3 Fighting
 - Level 8.0 Short Blades
 + Level 5.4 Throwing
 + Level 6.9 Dodging
 + Level 12.5 Stealth
 * Level 7.4 Shields


You had 10 spell levels left.
You didn't know any spells.
Your spell library contained the following spells:

 Spells                   Type           Power      Damage    Failure   Level
 Animate Skeleton         Necr           0%         N/A       41%         1
 Magic Dart               Conj           0%         1d3       41%         1
 Pain                     Necr           0%         1d4       41%         1
 Slow                     Hex            0%         N/A       41%         1
 Call Imp                 Summ           0%         N/A       56%         2
 Ensorcelled Hibernation  Hex/Ice        0%         N/A       56%         2
 Searing Ray              Conj           0%         2d4       56%         2
 Sublimation of Blood     Necr           0%         N/A       56%         2
 Confusing Touch          Hex            0%         N/A       80%         3
 Mephitic Cloud           Conj/Pois/Air  0%         N/A       80%         3
 Spider Form              Tmut/Pois      0%         N/A       80%         3
 Summon Guardian Golem    Hex/Summ       0%         N/A       80%         3
 Vampiric Draining        Necr           0%         2d6       80%         3
 Anguish                  Hex/Necr       0%         N/A       99%         4
 Cause Fear               Hex            0%         N/A       99%         4
 Fulminant Prism          Conj/Hex       0%         3d6       99%         4
 Petrify                  Tmut/Erth      0%         N/A       99%         4
 Irradiate                Conj/Tmut      0%         3d13      100%        5
 Summon Forest            Summ/Tloc      0%         N/A       100%        5
 Summon Mana Viper        Hex/Summ       0%         N/A       100%        5
 Summon Cactus Giant      Summ           0%         N/A       100%        6
 Dragon Form              Tmut           0%         N/A       100%        7
 Orb of Destruction       Conj           0%         9d5       100%        7
 Spellforged Servitor     Conj/Summ      0%         N/A       100%        7
 Dragon's Call            Summ           0%         N/A       100%        9

Inventory:

Hand Weapons
 a - a +0 short sword {short}
 h - the +2 quick blade of Anguish (weapon) {vamp, rElec rCorr Int+3, shortrare=g}
   (You acquired it on level 2 of the Dungeon)

   It occasionally heals its wielder for a portion of the damage dealt when it
   wounds a living foe.
   Int:       It affects your intelligence (+3).
   rElec:     It insulates you from electricity.
   rCorr:     It protects you from acid and corrosion.
 o - a +0 rapier {short}
   (You found it on level 3 of the Dungeon)
 z - a +2 dagger of electrocution {short}
   (You found it on level 2 of the Dungeon)
 N - the +5 war axe of Hospitality {flame, rPois rCorr, axe}
   (You found it on level 11 of the Dungeon)

   It burns those it strikes, dealing additional fire damage.
   Big, fiery blades are also staple armaments of hydra-hunters.
   rPois:     It protects you from poison.
   rCorr:     It protects you from acid and corrosion.
Missiles
 p - 125 stones (quivered) {throwing}
 s - 13 poisoned darts {throwing}
 v - 16 boomerangs {throwing}
 y - a throwing net {=f!fthrowing}
Armour
 F - a +0 kite shield (worn)
   (You found it on level 6 of the Dungeon)
Jewellery
 j - an amulet of the acrobat (around mantle)
   (You found it on level 4 of the Dungeon)
 m - a +6 ring of intelligence (left tentacle)
   (You found it on level 4 of the Dungeon)
 H - a ring of ice
   (You found it on level 7 of the Dungeon)
 M - a ring of resist corrosion (right tentacle)
   (You found it on level 9 of the Dungeon)
Wands
 f - a wand of digging (3)
 J - a wand of iceblast (10)
   (You took it off a kobold on level 8 of the Dungeon)
Scrolls
 b - a scroll of fog
 c - 5 scrolls of magic mapping {!r}
 d - 2 scrolls of fear
 n - 2 scrolls of teleportation {@r4}
 B - a scroll of enchant armour
 C - a scroll of enchant weapon
 D - 2 scrolls of amnesia
 E - a scroll of immolation {!r!r}
 I - a scroll of silence {!r}
 L - 2 scrolls of summoning
Potions
 e - 2 potions of haste {@q3}
 g - 5 potions of heal wounds {@q2}
 k - 3 potions of might
 l - 3 potions of curing {@q1}
 q - 2 potions of brilliance
 r - 3 potions of ambrosia
 t - a potion of cancellation
 u - 4 potions of flight {unknown}
 w - a potion of degeneration {unknown}
 x - 4 potions of mutation {unknown}
 A - a potion of magic {unknown}
 G - a potion of attraction {unknown}
 K - 2 potions of invisibility {unknown}
Miscellaneous
 i - a piece from Xom's chessboard (15/15)
   (You found it on level 5 of the Dungeon)

Dungeon Overview and Level Annotations

Branches:
Dungeon (11/15)            Temple (0/1) D:4            Lair (0/6) D:8
    Orc (0/2) D:10

Altars:
Dithmenos
Elyvilon
Gozag
Hepliaklqana
Makhleb
Nemelex Xobeh
Okawaru
Sif Muna
Wu Jian
Zin
The Shining One

Shops:
D:2 [   D:6 (   D:8 *

Annotations:
D:6 Maggie
D:8 exclusions: 6 electric eels and 1 more exclusion ... ## .. ##.# l. ..P## #. PP..# #. Pl..# #.#Pll.# #RPlll.#

#.@PP#
##.###
#..#
##.#
#.##
#..#
##.#
#.##
#..#
.#


You could see the friendly Ferran the hexer, 2 komodo dragons, a basilisk, an
iguana and 3 frilled lizards.


Message History

No target in view!
No target in view!
No target in view!
No target in view!
No target in view!
No target in view!
No target in view!
No target in view!
No target in view!
No target in view!
No target in view!
Key pressed, stopping explore.
Done exploring.
Done exploring.
Done exploring.
Done exploring.
Done exploring.
Done exploring.
Done exploring.
Done exploring.
M - a ring of resist corrosion (right tentacle) Done exploring.
Done exploring.
Done exploring.
(D) Dungeon (T) Temple (L) Lair (O) Orcish Mines
Where to? (Enter - D:9, ? - help) Key pressed, stopping travel.
Unknown command.
Done exploring.
Done exploring.
Done exploring.
Done exploring.
(D) Dungeon (T) Temple (L) Lair (O) Orcish Mines
Where to? (Enter - D:11, ? - help)
There is a stone staircase leading down here.
You climb downwards.
There is a stone staircase leading up here.
Unknown command.
Unknown command.
You swap places.
You swap places.
A manticore comes into view.
A manticore is nearby!
A manticore is nearby!
A manticore is nearby!
The helpless manticore fails to defend itself.
You perforate the manticore like a sieve!!!!
You kill the manticore!
No target in view!
No target in view!
No target in view!
No target in view!
No target in view!
No target in view!
No target in view!
No target in view!
No target in view!
No target in view!
No target in view!
No target in view!
You swap places.
Found a stone staircase leading down.
N - the +5 war axe of Hospitality {flame, rPois rCorr, axe}
There is a stone staircase leading down here.
An iguana, a frilled lizard and a komodo dragon come into view.
A basilisk, 2 frilled lizards and a komodo dragon come into view.
The iguana hisses angrily.
The frilled lizard hisses angrily. x2
The komodo dragon bites you!!
The frilled lizard bites the plant.
The plant begins to die.
The frilled lizard bites the plant.
The plant begins to die. 😮 HP[-21]
You take 21 damage, and now have 46/67 hp.
MASSIVE DAMAGE!! (PAUSE) Unknown command.
You hit the komodo dragon but do no damage.
You squeeze the komodo dragon, but do no damage.
You block the komodo dragon's attack.
You barely miss the komodo dragon. Your squeeze misses the komodo dragon.
You hit the komodo dragon.
The frilled lizard bites the plant. x2
The komodo dragon closely misses you. 😮 HP[+1]
You hit the komodo dragon but do no damage.
You squeeze the komodo dragon.
Unknown command.
You hit the komodo dragon.
The basilisk hisses menacingly.
The frilled lizard bites the plant. x2; The komodo dragon bites you!!
* * * LOW HITPOINT WARNING * * *
The komodo dragon hisses angrily. 😨 HP[-25]
You take 25 damage, and now have 22/67 hp.
MASSIVE DAMAGE!! (PAUSE)
You hit the komodo dragon.
Ferran hits the plant with a +0 dagger of draining!
The plant begins to die.
You fail to use your ability.
Ferran hits the plant with a +0 dagger of draining.
Ferran drains the plant.
The iguana bites the plant!
The frilled lizard bites the plant. x2; The komodo dragon bites you!!
You die...

Skill      XL: |  1  2  3  4  5  6  7  8  9 10 11 |
---------------+----------------------------------+-----
Stealth        | 7 8 9 10 11 12 | 12.5
Dodging        | 3 4 5 6 |  6.9
Fighting       | 4 5 6 7 |  7.3
Throwing       | 1 3 4 5 |  5.4
Short Blades   | 3 5 6 7 8 |  8.0
Shields        | 3 5 6 7 |  7.4

Action                   |  1- 3 |  4- 6 |  7- 9 | 10-12 || total
-------------------------+-------+-------+-------+-------++-------
Melee: Short sword       |     2 |    27 |       |       ||    29
       Tentacles         |     1 |     3 |    66 |    68 ||   138
       Constrict         |       |     7 |    40 |    15 ||    62
       Quick blade       |       |       |   190 |   232 ||   422
       Rapier            |       |       |    38 |       ||    38
       Dagger            |       |       |    10 |       ||    10
       Punch             |       |       |     2 |     2 ||     4
Throw: Stone             |       |     3 |   171 |   131 ||   305
Invok: Ancestor Life: He |       |       |     1 |       ||     1
       Recall Ancestor   |       |       |     1 |       ||     1
Evoke: Piece from Xom's  |     2 |     7 |       |       ||     9
  Use: Scroll            |       |       |    18 |     3 ||    21
       Potion            |       |       |       |     2 ||     2
 Stab: Sleeping          |     1 |     6 |    32 |     3 ||    42
       Paralysed         |     1 |     2 |       |       ||     3
       Distracted        |       |       |     2 |     2 ||     4
       Confused          |       |       |     3 |     5 ||     8
Armor: Skin              |       |       |     3 |     1 ||     4
Dodge: Dodged            |       |    17 |   100 |    63 ||   180
Block: Kite shield       |       |       |    42 |    70 ||   112

Levels and vault maps discovered:
D:1:      ldierk_walled_garden, layout_loops_ring,
          shapermc_ecumenical_altar_mp_highgroup,
          hangedman_abyss_or_decor_lesser_grid
D:2:      minmay_diamond_boxcup, layout_loops_ring, serial_shops,
          nicolae_shop_waterfront
D:3:      layout_basic, mainiacjoe_overflow_small_starburst,
          mainiacjoe_overflow_surrounded_room,
          mainiacjoe_overflow_cross_hatched, lemuel_another_geyser
D:4:      layout_layer_cave, lemuel_mausoleum_altar_yredelemnul, zin_statuary,
          nicolae_dithmenos_shadow_blocks, lemuel_coloured_pillars_altar,
          minmay_temple_entry_butterflies, portal_sewer_entry_f, uniq_sigmund,
          uniq_natasha
D:5:      cheibrodos_iron_armory, layout_gridville, hellmonk_bongcloud_opening,
          minmay_misc_feat_roman
D:6:      layout_loops_ring, fedhas_altar_2, nicolae_elyvilon_peaceful_grove,
          serial_shops, nicolae_shop_temple_entry_statues_fountains,
          lemuel_flamethrower_2, uniq_maggie
D:7:      layout_loops_ring, okawaru_gym_becter,
          nicolae_gozag_cash_rules_everything_around_me
D:8:      layout_basic, erik_lair_island, serial_shops,
          nicolae_shop_hallway_plus
D:9:      layout_gridville, nemelex_spade_bored_becter,
          amcnicky_mini_rare_corridor_liquid, uniq_prince_ribbit1
D:10:     layout_small_grid, tso_metal_star, erik_orc_2
D:11:     layout_basic, minmay_lizard_king, uniq_nergalle

Notes
Turn   | Place    | Note
-------+----------+-------------------------------------------
     0 | D:5      | spaghetti the Octopode Delver began the quest for the Orb.
     0 | D:5      | Reached XP level 1. HP: 16/16 MP: 1/1
     0 | D:5      | magus.rc [v1.9.6]
    19 | D:5      | Noticed an iguana
    23 | D:5      | Noticed a bullfrog
    25 | D:5      | Killed an iguana
    26 | D:5      | Reached skill level 7 in Stealth
    26 | D:5      | Reached XP level 2. HP: 21/21 MP: 2/2
    26 | D:5      | Reached XP level 3. HP: 26/26 MP: 3/3
    37 | D:5      | Killed a bullfrog
    38 | D:5      | Reached XP level 4. HP: 32/32 MP: 4/4
    46 | D:5      | Noticed a phantom
    56 | D:5      | Killed a phantom
    57 | D:5      | Reached skill level 3 in Dodging
    57 | D:5      | Reached skill level 8 in Stealth
    57 | D:5      | Reached XP level 5. HP: 37/37 MP: 5/5
    66 | D:5      | Reached skill level 4 in Fighting
    70 | D:4      | Noticed Sigmund
    75 | D:4      | Killed Sigmund
    76 | D:4      | Reached skill level 9 in Stealth
    76 | D:4      | Reached XP level 6. HP: 44/44 MP: 6/6
    84 | D:4      | Found a shadowy altar of Dithmenos.
   251 | D:3      | Reached XP level 7. HP: 34/49 MP: 7/7
   327 | D:3      | Found a hazy altar of Hepliaklqana.
   342 | D:3      | Became a worshipper of Hepliaklqana the Forgotten
   393 | D:1      | Found a faded altar of an unknown god.
   534 | D:1      | You pick up a book of Debilitation and begin reading...
   534 | D:1      | You add the spells Slow, Vampiric Draining and Confusing
                  | Touch to your library.
   581 | D:1      | You pick up a book of Conjurations {@e2} and begin
                  | reading...
   581 | D:1      | You add the spells Magic Dart, Searing Ray and Fulminant
                  | Prism to your library.
   653 | D:1      | Reached * piety under Hepliaklqana
   902 | D:1      | Reached skill level 4 in Dodging
  1115 | D:2      | Found Binikk's Armour Shoppe.
  1382 | D:2      | You pick up a book of Minor Magic and begin reading...
  1382 | D:2      | You add the spells Call Imp and Mephitic Cloud to your
                  | library.
  1385 | D:2      | You pick up a book of Necromancy and begin reading...
  1385 | D:2      | You add the spells Pain and Animate Skeleton to your
                  | library.
  1394 | D:2      | You pick up a book of Dreams and begin reading...
  1394 | D:2      | You add the spells Ensorcelled Hibernation, Spider Form and
                  | Anguish to your library.
  1647 | D:2      | Identified a scroll of acquirement
  1653 | D:2      | Acquired the +2 quick blade of Anguish {vamp, rElec rCorr
                  | Int+3}
  1654 | D:2      | h - the +2 quick blade of Anguish {vamp, rElec rCorr Int+3,
                  | shortrare=g}
  1655 | D:2      | h - the +2 quick blade of Anguish (weapon) {vamp, rElec
                  | rCorr Int+3, shortrare=g}
  1724 | D:3      | Identified the +0 leather armour "Forget-Me-Not" {Will-
                  | Str+7 Int-5 Stlth+}
  1818 | D:3      | Found an ornate altar of the Wu Jian Council.
  1920 | D:3      | Reached ** piety under Hepliaklqana
  1921 | D:3      | Remembered your ancestor Ferran as a hexer
  2052 | D:3      | Found a shimmering blue altar of Sif Muna.
  2079 | D:3      | Reached skill level 10 in Stealth
  2640 | D:4      | Found a staircase to the Ecumenical Temple.
  2679 | D:4      | Found a burning altar of Makhleb.
  2793 | D:4      | Found a glowing silver altar of Zin.
  2823 | D:4      | Reached skill level 1 in Throwing
  2944 | D:4      | You fall into a shaft and drop 2 floors!
  3140 | D:6      | Reached skill level 5 in Fighting
  3140 | D:6      | Reached skill level 3 in Short Blades
  3158 | D:6      | Found a white marble altar of Elyvilon.
  3177 | D:6      | You pick up a book of Necromancy and begin reading...
  3220 | D:6      | Reached XP level 8. HP: 30/49 MP: 8/8
  3460 | D:6      | Found Zoloasog's Antique Weapon Emporium.
  3985 | D:6      | Noticed Maggie
  3998 | D:6      | HP: 6/49 [Maggie/+0 scimitar of electrocution (9)]
  4022 | D:5      | Noticed a rust devil
  4022 | D:5      | Noticed a rust devil
  4323 | D:7      | You pick up a book of the Wilderness and begin reading...
  4323 | D:7      | You add the spells Summon Forest, Summon Mana Viper and
                  | Summon Cactus Giant to your library.
  4364 | D:7      | You pick up a book of the Dragon and begin reading...
  4364 | D:7      | You add the spells Cause Fear, Dragon Form and Dragon's
                  | Call to your library.
  4440 | D:7      | Reached skill level 2 in Throwing
  4445 | D:7      | Reached skill level 1 in Shields
  4462 | D:7      | Reached skill level 4 in Short Blades
  4670 | D:7      | Reached skill level 2 in Shields
  4988 | D:7      | Found an iron altar of Okawaru.
  4997 | D:7      | You pick up a book of Alchemy and begin reading...
  4997 | D:7      | You add the spells Sublimation of Blood, Petrify and
                  | Irradiate to your library.
  5030 | D:7      | Reached *** piety under Hepliaklqana
  5062 | D:7      | Found an opulent altar of Gozag.
  5430 | D:8      | Reached skill level 5 in Dodging
  5434 | D:8      | HP: 12/50 [electric eel/bolt of electricity (3)]
  5439 | D:8      | HP: 9/50 [wolf (4)]
  5470 | D:8      | HP: 10/50 [wolf (5)]
  5658 | D:8      | Reached skill level 3 in Shields
  5677 | D:8      | Noticed a troll
  5690 | D:8      | Killed a troll
  5691 | D:8      | Reached skill level 5 in Short Blades
  5691 | D:8      | Reached skill level 3 in Throwing
  5691 | D:8      | Reached XP level 9. HP: 55/55 MP: 9/9
  5822 | D:8      | Reached skill level 11 in Stealth
  5917 | D:8      | Found a staircase to the Lair.
  6020 | D:8      | Reached skill level 4 in Shields
  6153 | D:8      | Found Nyomamosa's General Store.
  6457 | D:9      | Reached **** piety under Hepliaklqana
  6475 | D:9      | Found a sparkling altar of Nemelex Xobeh.
  6658 | D:9      | Reached skill level 6 in Fighting
  7097 | D:9      | Noticed Prince Ribbit
  7101 | D:9      | Killed Prince Ribbit
  7102 | D:9      | Reached skill level 6 in Short Blades
  7153 | D:9      | You pick up a book of Dangerous Friends and begin
                  | reading...
  7153 | D:9      | You add the spells Summon Guardian Golem, Orb of
                  | Destruction and Spellforged Servitor to your library.
  7278 | D:9      | Noticed a troll
  7290 | D:9      | Killed a troll
  7291 | D:9      | Reached skill level 4 in Throwing
  7291 | D:9      | Reached skill level 5 in Shields
  7291 | D:9      | Reached XP level 10. HP: 53/61 MP: 10/10
  7389 | D:10     | Entered Level 10 of the Dungeon
  7398 | D:10     | Found a glowing golden altar of the Shining One.
  7922 | D:10     | Reached skill level 6 in Dodging
  8156 | D:10     | Reached skill level 6 in Shields
  8233 | D:10     | Found a staircase to the Orcish Mines.
  8417 | D:11     | Reached skill level 7 in Short Blades
  8804 | D:10     | Reached skill level 12 in Stealth
  9192 | D:10     | Reached skill level 7 in Fighting
  9192 | D:10     | Reached skill level 5 in Throwing
  9228 | D:10     | Reached XP level 11. HP: 26/67 MP: 11/11
  9232 | D:10     | Reached skill level 7 in Shields
  9250 | D:10     | Reached skill level 8 in Short Blades
  9646 | D:10     | Noticed a cyan ugly thing
  9653 | D:10     | Killed a cyan ugly thing
  9787 | D:11     | Noticed a manticore
  9791 | D:11     | Killed a manticore
  9802 | D:11     | Identified the +5 war axe of Hospitality {flame, rPois
                  | rCorr}
  9833 | D:11     | Mangled by a komodo dragon

Vanquished Creatures
  A manticore (D:11)
  An ugly thing (D:10)
  2 trolls
  Prince Ribbit (D:9)
  Sigmund (D:4)
  10 yaks
  A steam dragon (D:9)
  A water moccasin (D:6)
  An ice beast (D:7)
  3 orc warriors
  An ogre (D:7)
  4 wolves (D:8)
  A centaur (D:9)
  2 kobold brigands
  2 phantoms
  2 bullfrogs
  A necrophage (D:4)
  A scorpion (D:6)
  2 wights (D:7)
  A jelly (D:8)
  5 killer bees (D:10)
  3 howler monkeys
  An electric eel (D:10)
  4 orc priests
  4 hounds
  3 iguanas
  4 orc wizards
  A hexer (D:8)
  5 adders
  A shadow imp (D:6)
  2 white imps (D:6)
  An ufetubus (D:4)
  A dart slug (D:2)
  19 orcs
  3 endoplasms
  6 giant cockroaches
  9 hobgoblins
  A quokka (D:2)
  5 ball pythons
  5 bats
  3 frilled lizards
  6 goblins
  11 kobolds
  3 rats (D:1)
145 creatures vanquished.

Vanquished Creatures (collateral kills)
  A troll (D:10)
  9 yaks
  An orc warrior (D:10)
  A wolf (D:8)
  A centaur (D:9)
  A bullfrog (D:8)
  A wight (D:7)
  A killer bee (D:10)
  6 orc priests
  An orc wizard (D:10)
  2 adders
  A worm (D:3)
  7 orcs
  3 giant cockroaches (D:4)
  4 quokkas
  2 kobolds
42 creatures vanquished.

Vanquished Creatures (others)
  5 hexers
  2 kobolds (D:8)
  A butterfly (D:6)
  5 toadstools (D:1)
13 creatures vanquished.

Grand Total: 200 creatures vanquished

Table legend:
 A = Non-vault XP
 B = Vault XP
 C = Vault XP percentage of total XP
 D = Non-vault monster count
 E = Vault monster count
 F = Vault count percentage of total count
                 A         B        C        D         E       F
            +---------+---------+-------+---------+---------+-------
      Total |    9075 |    2182 |  19.4 |     145 |      42 |  22.5
            +---------+---------+-------+---------+---------+-------
        D:1 |      28 |       0 |   0.0 |      17 |       0 |   0.0
        D:2 |      50 |      22 |  30.6 |      14 |       7 |  33.3
        D:3 |      62 |       0 |   0.0 |      14 |       0 |   0.0
        D:4 |     230 |     247 |  51.8 |      11 |       5 |  31.2
        D:5 |     265 |       0 |   0.0 |       4 |       0 |   0.0
        D:6 |     340 |       0 |   0.0 |       9 |       0 |   0.0
        D:7 |     732 |       0 |   0.0 |      12 |       0 |   0.0
        D:8 |     265 |     980 |  78.7 |       9 |       8 |  47.1
        D:9 |    1167 |     268 |  18.7 |      15 |       1 |   6.2
       D:10 |    4596 |     665 |  12.6 |      35 |      21 |  37.5
       D:11 |    1340 |       0 |   0.0 |       5 |       0 |   0.0
            +---------+---------+-------+---------+---------+-------

Illustrated notes

Table legend:
 A = Kills in this place as a percentage of kills in entire the game.
 B = Kills by you in this place as a percentage of kills by you in the entire game.
 C = Kills by friends in this place as a percentage of kills by friends in the entire game.
 D = Other kills in this place as a percentage of other kills in the entire game.
 E = Experience gained in this place as a percentage of experience gained in the entire game.
 F = Experience gained in this place divided by the number of levels of this place that you have seen.
                   A       B       C       D       E      F
               +-------+-------+-------+-------+-------+----------------------
         Total | 100.0 | 100.0 | 100.0 | 100.0 | 100.0 | 1023.4
       Dungeon | 100.0 | 100.0 | 100.0 | 100.0 | 100.0 | 1023.4
               +-------+-------+-------+-------+-------+----------------------

Table legend: (Time is in decaauts)
 A = Elapsed time spent in this place.
 B = Non-inter-level travel time spent in this place.
 C = Inter-level travel time spent in this place.
 D = Time resting spent in this place.
 E = Time spent auto-exploring this place.
 F = Levels seen in this place.
 G = Mean time per level.
                   A        B        C        D        E       F      G
               +--------+--------+--------+--------+--------+-----+--------+
         Total |   9671 |   9426 |    245 |   1766 |   6129 |  11 |  879.2 |
       Dungeon |   9671 |   9426 |    245 |   1766 |   6129 |  11 |  879.2 |
               +--------+--------+--------+--------+--------+-----+--------+

Top non-repeatable levels by time:
    D:10: 1775 daAuts
     D:6: 1575 daAuts
     D:9: 1078 daAuts
     D:8: 927 daAuts
     D:3: 927 daAuts
     D:7: 898 daAuts
     D:2: 746 daAuts
     D:4: 615 daAuts
     D:1: 582 daAuts
    D:11: 472 daAuts
     D:5: 72 daAuts
